 Dungeon Crawl Stone Soup version 0.13.2 (webtiles) character file.

1195 RepoMan the Grave Robber (level 7, 0/46 HPs)
             Began as a Mummy Necromancer on Apr 6, 2014.
             Was an Initiate of Ashenzari.
             Hit by an uncursed orcish hand axe thrown by an orc warrior (8 damage)
             ... on Level 6 of the Dungeon.
             The game lasted 01:08:52 (6642 turns).

RepoMan the Grave Robber (Mummy Necromancer)        Turns: 6642, Time: 01:08:52

HP   0/46        AC  8     Str 13      XL: 7   Next: 85%
MP   0/15        EV  9     Int 14      God: Ashenzari [......]
Gold 267         SH  0     Dex 12      Spells:  4 memorised,  4 levels left

Res.Fire  : x . .   See Invis. : .   r - +2,+0 orc hand axe (venom)
Res.Cold  : + + .   Warding    : .   q - +0 ring mail
Life Prot.: + + +   Conserve   : .   (no shield)
Res.Poison: +       Res.Corr.  : .   (no helmet)
Res.Elec. : .       Clarity    : .   p - +0 cloak
Sust.Abil.: . .     Spirit.Shd : .   n - +0 pair of gloves
Res.Mut.  : .       Stasis     : .   t - +0 pair of elf boots
Res.Rott. : +       Flight     : .   (no amulet)
Saprovore : . . .                    f - ring of wizardry
                                     e - ring of protection from cold

@: somewhat resistant to hostile enchantments, unstealthy
A: no food or potions, fire vulnerability, restore body, cold resistance 1, life
protection 3, poison resistance, torment resistance, unbreathing
a: Renounce Religion


You were on level 6 of the Dungeon.
You worshipped Ashenzari.
Ashenzari was noncommittal.
You were not hungry.

You visited 1 branch of the dungeon, and saw 6 of its levels.
You also visited: Sewer.

You collected 247 gold pieces.

Inventory:

Hand weapons
 r - a +2,+0 orcish hand axe of venom (weapon)
Missiles
 i - 10 poisoned needles
Armour
 a - a +0 robe
 d - a +1 dwarven shield
 n - a +0 pair of gloves (worn)
 p - a +0 cloak (worn)
 q - a +0 ring mail (worn)
 t - a +0 pair of elven boots (worn)
Magical devices
 k - a wand of flame (12)
 y - a wand of slowing (5)
Scrolls
 c - 3 scrolls of remove curse
 g - 2 scrolls of identify
 h - a scroll of curse weapon
 j - a scroll of teleportation
 l - 2 scrolls of amnesia
 m - 3 scrolls of fear {unknown}
 s - 2 scrolls of magic mapping
Jewellery
 e - a ring of protection from cold (left hand)
 f - a ring of wizardry (right hand)
 u - an uncursed ring of flight
 v - an uncursed amulet of stasis
Books
 b - a book of Necromancy

   Spells                             Type                      Level
   *Pain                              Necromancy                   1
   *Animate Skeleton                  Necromancy                   1
   Lethal Infusion                    Charms/Necromancy            2
   *Vampiric Draining                 Necromancy                   3
   Regeneration                       Charms/Necromancy            3
   *Animate Dead                      Necromancy                   4
   Control Undead                     Necromancy                   4


   Skills:
 + Level 3.7 Dodging
 - Level 1.5 Stealth
 + Level 3.8 Spellcasting
 * Level 7.9 Necromancy


You had 4 spell levels left.
You knew the following spells:

 Your Spells              Type           Power        Failure   Level  Hunger
a - Pain                  Necr           ###.         1%          1    N/A
b - Animate Skeleton      Necr           N/A          1%          1    N/A
c - Animate Dead          Necr           N/A          5%          4    N/A
d - Vampiric Draining     Necr           ###.......   1%          3    N/A

Dungeon Overview and Level Annotations

Branches:
Dungeon (6/27)                Orc (0/4) D:6
 Temple: D:4-7

Altars:
Ashenzari
Fedhas
Kikubaaqudgha
Vehumet
Xom
the Shining One
Beogh

Annotations:
D:4 Edmund


Innate Abilities, Weirdness & Mutations

You do not eat or drink.
Your flesh is vulnerable to fire.
Your flesh is cold resistant.
You are immune to negative energy.
Your system is resistant to poisons.
You are immune to unholy pain and torment.
You can survive without breathing.


Message History

* * * LOW HITPOINT WARNING * * *
Casting: Pain
Confirm with . or Enter, or press ? or * to list all spells.
Aiming: Pain
Press: ? - help, Shift-Dir - straight line, f/p - orc priest
Aim: an orc priest, wielding a halberd and wearing an orcish leather armour (almost dead)
The orc priest resists with some effort.
The orc priest calls upon Beogh to heal something.
Evoke which item? (* to show all) (? for menu, Esc to quit)
Zapping:
k - a wand of flame {zapped: 10}
Press: ? - help, Shift-Dir - straight line, f/p - orc priest
Aim: an orc priest, wielding a halberd and wearing an orcish leather armour (almost dead)
The puff of flame hits the orc priest.
You kill the orc priest!
The orc warrior throws an uncursed orcish hand axe.
The uncursed orcish hand axe misses you.
The orc warrior picks up an uncursed orcish hand axe.
The orc warrior throws an uncursed orcish hand axe.
The uncursed orcish hand axe hits you!
You die...

#......# #o.........# #......#
#..........######### #......#
#................... #......#
#................... #......#
#................... #......#
#..........)........ #......#
#..............).... #....o##
#####.................
#....o8#.....#@).......########
#......#.....#.....>...#
#...>..o.._..#.........#
#....).#.....#.........#
#.....8#.....#.........#
#.....########.........#
#..!.).oo.o...o).......#
#...(.)......).........#
#......).(.............#


You could see an orc warrior.

Vanquished Creatures
  An orc warrior (D:6)
  2 ogres (D:4)
  A gnoll sergeant (D:5)
  A crimson imp (D:5)
  A goliath beetle (D:6)
  An orc priest (D:6)
  3 worker ants
  Jessica (D:2)
  8 gnolls
  3 adders
  A green rat (Sewer)
  A giant mite (D:5)
  3 grey rats (Sewer)
  A giant eyeball (D:5)
  An ooze (D:1)
  5 orcs
  2 giant cockroaches (D:5)
  10 goblins
  10 hobgoblins
  5 jackals
  8 kobolds
  2 quokkas
  6 ball pythons
  13 bats
  3 giant geckos
  6 giant newts
  A hobgoblin zombie (D:5)
  12 rats
112 creatures vanquished.

Vanquished Creatures (collateral kills)
  An ogre (D:4)
  2 giant frogs (D:6)
  A giant frog zombie (D:6)
  3 gnolls
  3 adders
  A worm (D:2)
  An orc (D:3)
  A bat (D:1)
  A giant cockroach (D:1)
  3 goblins
  A hobgoblin (D:3)
  A jackal (D:6)
  2 giant newts (Sewer)
  A hobgoblin zombie (D:5)
  2 rats
  A rat zombie (D:5)
25 creatures vanquished.

Vanquished Creatures (others)
  A giant frog zombie (D:6)
  An ogre skeleton (D:4)
  An orc zombie (D:6)
  An adder zombie (Sewer)
  5 bat skeletons
  A giant mite zombie (D:5)
  A ball python skeleton (D:2)
  A ball python zombie (Sewer)
  A giant newt skeleton (D:5)
  7 gnoll zombies
  A goblin skeleton (D:4)
  A hobgoblin skeleton (D:4)
  2 jackal zombies
  An orc skeleton (D:4)
  A quokka skeleton (D:2)
  A rat skeleton (D:2)
  2 rat zombies (D:6)
29 creatures vanquished.

Grand Total: 166 creatures vanquished

Notes
Turn   | Place    | Note
--------------------------------------------------------------
     0 | D:1      | RepoMan, the Mummy Necromancer, began the quest for the Orb.
     0 | D:1      | Reached XP level 1. HP: 13/13 MP: 3/3
     2 | D:1      | Learned a level 1 spell: Animate Skeleton
   701 | D:1      | Reached XP level 2. HP: 13/19 MP: 1/4
  1639 | D:2      | Reached XP level 3. HP: 24/24 MP: 6/6
  2119 | D:2      | Noticed Jessica
  2131 | D:2      | Killed Jessica
  2208 | D:2      | Reached skill level 5 in Necromancy
  2259 | D:2      | Learned a level 3 spell: Vampiric Draining
  2371 | D:2      | Reached XP level 4. HP: 26/30 MP: 3/7
  2628 | D:2      | Found a radiant altar of Vehumet.
  2628 | D:2      | Found a glowing golden altar of the Shining One.
  2824 | D:3      | Found a blossoming altar of Fedhas.
  2825 | D:3      | Found an ancient bone altar of Kikubaaqudgha.
  3128 | D:3      | Found a shimmering altar of Xom.
  3128 | D:3      | Found a shimmering altar of Xom.
  3128 | D:3      | Found a shimmering altar of Xom.
  3139 | D:3      | Found a shimmering altar of Xom.
  3579 | D:4      | Noticed an ogre
  3591 | D:4      | Killed an ogre
  3591 | D:4      | Reached XP level 5. HP: 35/35 MP: 2/9
  3782 | D:4      | Noticed an ogre
  3791 | D:4      | Killed an ogre
  3791 | D:4      | Reached skill level 6 in Necromancy
  3791 | D:4      | Reached XP level 6. HP: 41/41 MP: 2/11
  3909 | D:4      | Noticed an ogre
  3926 | D:4      | Killed an ogre
  3933 | D:4      | Noticed Edmund
  3970 | D:3      | Learned a level 4 spell: Animate Dead
  4113 | D:5      | Entered Level 5 of the Dungeon
  4162 | D:5      | Found a glowing drain.
  4167 | Sewer    | Entered a sewer
  5135 | D:5      | Found a shattered altar of Ashenzari.
  5155 | D:5      | Became a worshipper of Ashenzari the Shackled
  5492 | D:5      | Reached XP level 7. HP: 41/46 MP: 11/14
  5627 | D:5      | Reached skill level 7 in Necromancy
  6501 | D:6      | Found a staircase to the Orcish Mines.
  6562 | D:6      | Found a roughly hewn altar of Beogh.
  6642 | D:6      | Hit by an uncursed orcish hand axe thrown by an orc warrior

Action                   |  1- 3 |  4- 6 |  7- 9 || total
-------------------------+-------+-------+-------++-------
Melee: Unarmed           |    43 |    17 |       ||    60
       Hand axe          |       |    71 |    51 ||   122
       Flail             |       |       |     7 ||     7
Throw: Javelin           |       |       |     2 ||     2
 Cast: Pain              |    85 |    90 |    34 ||   209
       Animate Skeleton  |     7 |    12 |       ||    19
       Animate Dead      |       |     8 |     6 ||    14
       Vampiric Draining |       |       |    14 ||    14
Evoke: Wand              |       |     3 |    13 ||    16
  Use: Scroll            |       |    11 |     2 ||    13
 Stab: Distracted        |       |     1 |       ||     1
       Sleeping          |       |     1 |       ||     1
